 Dungeon Crawl Stone Soup version 0.22.0-38-g04b72b8c25 (webtiles) character file.

6902 btonasse the Cleaver (level 11, -2/99 HPs)
             Began as a Hill Orc Fighter on Aug 26, 2018.
             Was a Priest of Beogh.
             Slain by Snorg (15 damage)
             ... on level 10 of the Dungeon.
             The game lasted 00:19:01 (9919 turns).

btonasse the Cleaver (Hill Orc Fighter)             Turns: 9919, Time: 00:19:02

Health: -2/99      AC: 17    Str: 23    XL:     11   Next: 6%
Magic:  7/15       EV:  8    Int:  8    God:    Beogh [***...]
Gold:   768        SH: 11    Dex: 10    Spells: 10/10 levels left

rFire    . . .     SeeInvis .   a - +1 war axe
rCold    . . .     Gourm    +   c - +1 shield
rNeg     . . .     Faith    .   K - +4 scale mail
rPois    +         Spirit   .   (no helmet)
rElec    .         Reflect  .   (no cloak)
rCorr    .         Harm     .   E - +0 pair of gloves
MR       +....                  g - +2 pair of boots
Stlth    ..........             s - amulet of the gourmand
HPRegen  0.26/turn              G - ring of protection from magic
MPRegen  0.14/turn              z - ring of poison resistance

@: no status effects
A: no striking features
a: Smiting, Renounce Religion


You were on level 10 of the Dungeon.
You worshipped Beogh.
Beogh was most pleased with you.
You were completely stuffed.

You visited 1 branch of the dungeon, and saw 10 of its levels.

You collected 768 gold pieces.

Inventory:

Hand Weapons
 a - a +1 war axe (weapon)
Armour
 c - a +1 shield (worn)
 g - a +2 pair of boots (worn)
 E - a +0 pair of gloves (worn)
 K - a +4 scale mail (worn)
Jewellery
 s - an amulet of the gourmand (around neck)
 z - a ring of poison resistance (right hand)
 B - an uncursed ring of flight
 G - a ring of protection from magic (left hand)
Wands
 e - a wand of iceblast (17)
 p - a wand of random effects (47)
 v - a wand of flame (27)
 x - a wand of paralysis (11)
 y - a wand of enslavement (17)
 A - a wand of polymorph (11)
 F - a wand of clouds (5)
Scrolls
 b - 3 scrolls of fear
 d - 2 scrolls of magic mapping
 i - 2 scrolls of fog
 j - a scroll of remove curse
 q - a scroll of blinking
 r - 4 scrolls of teleportation
 D - 2 scrolls of vulnerability {unknown}
 J - a scroll of amnesia {unknown}
Potions
 h - 4 potions of flight
 k - 2 potions of magic
 m - 2 potions of mutation {unknown}
 o - 4 potions of curing
 t - 2 potions of cancellation
 u - 2 potions of brilliance {unknown}
 w - 2 potions of ambrosia {unknown}
 C - a potion of invisibility {unknown}
 H - 3 potions of degeneration {unknown}
Miscellaneous
 n - a lamp of fire
Comestibles
 f - 28 rations
 I - 8 chunks of flesh


   Skills:
 - Level 10.0 Fighting
 - Level 13.2 Axes
 * Level 8.8 Armour
 + Level 6.9 Shields
 + Level 6.3 Invocations


You had 10 spell levels left.
You didn't know any spells.
Your spell library contained the following spells:

 Spells                   Type           Power        Failure   Level  Hunger
 Animate Skeleton         Necr           N/A          95%         1    ##.....
 Apportation              Tloc           #.....       95%         1    ##.....
 Confusing Touch          Hex            #.....       95%         1    ##.....
 Freeze                   Ice            #...         95%         1    ##.....
 Magic Dart               Conj           #...         95%         1    ##.....
 Shock                    Conj/Air       #...         95%         1    ##.....
 Summon Small Mammal      Summ           #...         95%         1    ##.....
 Blink                    Tloc           N/A          99%         2    ###....
 Call Imp                 Summ           #.......     99%         2    ###....
 Poisonous Vapours        Pois/Air       #.....       99%         2    ###....
 Searing Ray              Conj           #.....       99%         2    ###....
 Slow                     Hex            #.......     99%         2    ###....
 Swiftness                Chrm/Air       #.......     99%         2    ###....
 Throw Frost              Conj/Ice       #.....       99%         2    ###....
 Conjure Flame            Conj/Fire      #.......     100%        3    ####...
 Dazzling Spray           Conj/Hex       #.....       100%        3    ####...
 Mephitic Cloud           Conj/Pois/Air  #.......     100%        3    ####...
 Ozocubu's Armour         Chrm/Ice       #.......     100%        3    ####...
 Static Discharge         Conj/Air       #.......     100%        3    ####...
 Airstrike                Air            #.........   100%        4    #####..
 Force Lance              Conj/Tloc      #.......     100%        4    #####..
 Fulminant Prism          Conj/Hex       #.........   100%        4    #####..
 Iskenderun's Mystic Bla  Conj           #.......     100%        4    #####..
 Summon Ice Beast         Ice/Summ       #.......     100%        4    #####..
 Throw Icicle             Conj/Ice       #.......     100%        4    #####..
 Irradiate                Conj/Tmut      #.........   100%        5    ######.
 Lightning Bolt           Conj/Air       #.........   100%        5    ######.
 Freezing Cloud           Conj/Ice/Air   #.........   100%        6    #######
 Hydra Form               Tmut           #.........   100%        6    #######
 Statue Form              Tmut/Erth      #........    100%        6    #######
 Dragon Form              Tmut           #.........   100%        7    #######
 Ring of Flames           Chrm/Fire      #.........   100%        7    #######


Dungeon Overview and Level Annotations

Branches:
Dungeon (10/15)            Temple (0/1) D:4            Lair (0/6) D:10
    Orc: D:9-12

Altars:
Cheibriados
Dithmenos
Nemelex Xobeh
Sif Muna

Shops:
D:7 *   D:8 %

Annotations:
D:10 Snorg


Message History

Snorg rages.
Snorg rages.
Snorg bites you.
* * * LOW HITPOINT WARNING * * *
You block Snorg's attack. Snorg claws you but does no damage.
Items here: )) [ † a giant spiked club; a dagger; a robe; a bullfrog corpse
Okay, then.
Evoke which item? (* to show all) (? for menu, Esc to quit)
Aiming: Paralyse
Press: ? - help, Shift-Dir - straight line, f/p - Snorg
Aim: Snorg (severely wounded, berserk, fast, unusually strong, chance to defeat MR: 15%)
Okay, then.
Evoke which item? (* to show all) (? for menu, Esc to quit)
Aiming: Polymorph
Press: ? - help, Shift-Dir - straight line, f/p - Snorg
Aim: Snorg (severely wounded, berserk, fast, unusually strong, chance to defeat MR: 15%)
Okay, then.
You block Snorg's attack. Snorg claws you!
You die...

#....... ##### #....... #####
#...# ######.# #...# #...#
####### #.# #...# #...#
#:....# #.# #...####.$.#
#.....# #.# #..[.......#
#.....# #.# ######.........#
#.....# #..
.......)....T@..###.....######
............)..÷........>.....
#######.....)###.##.....######
#.###.).#####.##### #.##.....#
#.# #.#$..)...# #.#
#.#.....P.# #.# #.....)..?.
#.# ........... .#


You could see Snorg (berserk).

Vanquished Creatures
  An obsidian statue (D:9)
  A hippogriff (D:9)
  2 wraiths
  A wyvern (D:7)
  Eustachio (D:4)
  Menkaure (D:5)
  3 wargs (D:10)
  6 orc warriors
  3 phantoms
  A black bear (D:6)
  3 ice beasts
  3 sky beasts
  A necrophage (D:5)
  2 ogres
  The ghost of frocskos the Cudgeler, an amateur DsGl (D:3)
  2 centaurs
  A big kobold (D:9)
  7 bullfrogs
  6 scorpions
  2 water moccasin skeletons (D:4)
  7 killer bees
  2 wights (D:10)
  2 electric eels (D:6)
  2 crimson imps
  A bullfrog zombie (D:6)
  3 orc priests
  A jelly (D:7)
  A centaur skeleton (D:3)
  4 hounds
  11 orc wizards
  4 iguanas
  A worker ant (D:4)
  Natasha (thrice) (D:2)
  A hound zombie (D:6)
  A howler monkey zombie (D:5)
  9 adders
  An ooze (D:2)
  An adder skeleton (D:9)
  2 worms
  2 dart slugs
  2 leopard geckos
  28 orcs
  7 bats
  3 giant cockroaches
  13 goblins
  8 hobgoblins
  9 jackals
  3 quokkas
  A ball python (D:3)
  5 frilled lizards
  11 kobolds
  8 rats
205 creatures vanquished.

Vanquished Creatures (collateral kills)
  An orange crystal statue (D:9)
  A troll (D:10)
  A hornet (D:9)
  A phantom (D:9)
  An ogre (D:10)
  A scorpion (D:9)
  2 wights (D:10)
  An orc (D:10)
  A jackal (D:10)
10 creatures vanquished.

Vanquished Creatures (others)
  An orc knight (D:10)
  2 orc priests
  4 orcs
7 creatures vanquished.

Grand Total: 222 creatures vanquished

Notes
Turn   | Place    | Note
-------+----------+-------------------------------------------
     0 | D:1      | btonasse the Hill Orc Fighter began the quest for the Orb.
     0 | D:1      | Reached XP level 1. HP: 19/19 MP: 1/1
    23 | D:1      | Reached skill level 3 in Axes
    31 | D:1      | Reached XP level 2. HP: 16/27 MP: 2/2
   444 | D:1      | Reached skill level 4 in Axes
   460 | D:1      | Reached XP level 3. HP: 33/33 MP: 3/3
  1146 | D:2      | Reached XP level 4. HP: 6/41 MP: 4/4
  1477 | D:2      | Reached skill level 5 in Axes
  1530 | D:2      | Found a faded altar of an unknown god.
  1649 | D:2      | Noticed Natasha
  1660 | D:2      | Killed Natasha
  1684 | D:2      | Noticed Natasha
  1707 | D:2      | Killed Natasha
  1707 | D:2      | Reached XP level 5. HP: 19/47 MP: 5/5
  1773 | D:2      | Noticed Natasha
  1960 | D:2      | Killed Natasha
  1960 | D:2      | Reached skill level 5 in Fighting
  1960 | D:2      | Reached skill level 6 in Axes
  2066 | D:3      | Found a runed door.
  2067 | D:3      | Noticed frocskos's ghost (amateur DsGl)
  2084 | D:3      | Reached skill level 7 in Axes
  2084 | D:3      | Reached XP level 6. HP: 31/56 MP: 6/6
  2101 | D:3      | Killed frocskos's ghost
  2249 | D:3      | Became a worshipper of Beogh the Brigand
  2297 | D:3      | Noticed an orc warrior
  2303 | D:3      | Killed an orc warrior
  2760 | D:3      | Reached XP level 7. HP: 63/63 MP: 7/7
  2952 | D:4      | Reached skill level 8 in Axes
  3364 | D:4      | Noticed Eustachio
  3403 | D:4      | Killed Eustachio
  3403 | D:4      | Reached skill level 9 in Axes
  3570 | D:4      | Reached XP level 8. HP: 73/73 MP: 8/8
  3752 | D:4      | Found a staircase to the Ecumenical Temple.
  3787 | D:5      | Entered Level 5 of the Dungeon
  3864 | D:5      | Reached * piety under Beogh
  3884 | D:5      | Reached skill level 10 in Axes
  4193 | D:5      | Noticed Menkaure
  4207 | D:5      | Killed Menkaure
  4207 | D:5      | Reached skill level 11 in Axes
  4521 | D:5      | Found a faded altar of an unknown god.
  4521 | D:5      | Found a deep blue altar of Sif Muna.
  4526 | D:5      | Found a shadowy altar of Dithmenos.
  4528 | D:5      | Found a sparkling altar of Nemelex Xobeh.
  4531 | D:5      | Found a snail-covered altar of Cheibriados.
  4788 | D:6      | Reached XP level 9. HP: 60/82 MP: 9/9
  4924 | D:6      | Reached skill level 12 in Axes
  5043 | D:6      | Reached ** piety under Beogh
  5737 | D:6      | Reached skill level 13 in Axes
  6365 | D:7      | Reached skill level 10 in Fighting
  6591 | D:7      | Found Okhal's General Store.
  6663 | D:7      | Reached skill level 1 in Invocations
  6663 | D:7      | Reached XP level 10. HP: 78/93 MP: 9/11
  6800 | D:7      | Reached skill level 5 in Armour
  7324 | D:8      | Found Gadezoz's Food Shop.
  7655 | D:8      | Reached skill level 5 in Shields
  8041 | D:8      | Reached *** piety under Beogh
  8990 | D:9      | Noticed an orange crystal statue
  9008 | D:9      | Killed an orange crystal statue
  9008 | D:9      | Reached skill level 5 in Invocations
  9065 | D:9      | Noticed an obsidian statue
  9076 | D:9      | Killed an obsidian statue
  9284 | D:9      | Found a deep blue altar of Sif Muna.
  9595 | D:10     | Entered Level 10 of the Dungeon
  9743 | D:10     | Reached XP level 11. HP: 83/99 MP: 15/15
  9768 | D:10     | Found a staircase to the Lair.
  9905 | D:10     | Noticed Snorg
  9919 | D:10     | Slain by Snorg

Skill      XL: |  1  2  3  4  5  6  7  8  9 10 11 |
---------------+----------------------------------+-----
Axes           | 3 4 5 7 9 11 13 | 13.2
Fighting       | 4 5 6 7 8 10 | 10.0
Armour         | 4 8 |  8.8
Shields        | 4 6 |  6.9
Invocations    | 1 5 6 |  6.3

Action                   |  1- 3 |  4- 6 |  7- 9 | 10-12 || total
-------------------------+-------+-------+-------+-------++-------
Melee: War axe           |   117 |   133 |   378 |   247 ||   875
Invok: Convert to Beogh  |       |     1 |       |       ||     1
       Smiting           |       |       |       |     3 ||     3
Evoke: Wand              |       |       |     1 |       ||     1
  Use: Potion            |     1 |     5 |     3 |     3 ||    12
       Scroll            |       |     5 |     8 |     5 ||    18
 Stab: Distracted        |       |       |       |     2 ||     2
  Eat: Chunk             |     1 |     4 |    24 |    11 ||    40
Armor: Scale mail        |    36 |       |       |     1 ||    37
       Chain mail        |    59 |    75 |   155 |    99 ||   388
       Fire dragon scale |       |       |       |    21 ||    21
Dodge: Dodged            |    41 |    39 |    71 |    66 ||   217
Block: Shield            |    60 |    97 |   159 |   151 ||   467
